 Dungeon Crawl Stone Soup version 0.13.0-25-g43d4df3 (webtiles) character file.

1432 Malachi the Ducker (level 8, 0/78 HPs)
             Began as an Ogre Hunter on Oct 27, 2013.
             Was an Initiate of Okawaru.
             Slain by an unseen horror (10 damage)
             ... on Level 5 of the Dungeon.
             The game lasted 00:08:16 (4980 turns).

Malachi the Ducker (Ogre Hunter)                    Turns: 4980, Time: 00:08:16

HP   0/78        AC  3     Str 20      XL: 8   Next: 45%
MP   7/7         EV 12     Int 10      God: Okawaru [......]
Gold 229         SH  0     Dex 10      Spells:  0 memorised,  7 levels left

Res.Fire  : . . .   See Invis. : .   E - +1,+0 giant spiked club
Res.Cold  : . . .   Warding    : .   d - +0 animal skin
Life Prot.: . . .   Conserve   : .   (shield restricted)
Res.Poison: .       Res.Corr.  : .   (helmet restricted)
Res.Elec. : .       Clarity    : .   (no cloak)
Sust.Abil.: . .     Spirit.Shd : .   (gloves unavailable)
Res.Mut.  : .       Stasis     : .   (boots unavailable)
Res.Rott. : .       Flight     : .   (no amulet)
Saprovore : + . .                    (no ring)
                                     (no ring)

@: somewhat resistant to hostile enchantments, unstealthy
A: unfitting armour, fast metabolism 1, saprovore 1, tough skin 1
a: Renounce Religion


You were on level 5 of the Dungeon.
You worshipped Okawaru.
Okawaru was noncommittal.
You were hungry.

You visited 2 branches of the dungeon, and saw 6 of its levels.

You collected 209 gold pieces.

Inventory:

Hand weapons
 a - a +1,+1 club {=f}
 w - a +0,+1 whip of reaching
 E - a +1,+0 giant spiked club (weapon)
Missiles
 c - a throwing net
 m - 4 large rocks (quivered)
Armour
 d - a +0 animal skin (worn)
Magical devices
 k - a wand of frost (2)
 G - a wand of flame (19) {unknown}
Comestibles
 f - 3 meat rations
 i - 3 pears
 j - 3 bread rations
 q - a honeycomb
 x - 2 chokos
 D - a rotting chunk of rat flesh
Scrolls
 b - a scroll of curse weapon {unknown}
 h - a scroll of enchant weapon II {unknown}
 n - 2 scrolls of identify
 o - 4 scrolls of remove curse {unknown}
 r - 3 scrolls of curse jewellery {unknown}
 y - a scroll of enchant armour {unknown}
Jewellery
 F - an uncursed ring of invisibility
Potions
 e - a potion of agility {unknown}
 g - 3 potions of invisibility
 l - a potion of magic {unknown}
 p - 2 potions of might
 s - a potion of speed {unknown}
 t - a potion of brilliance {unknown}
 u - a potion of heal wounds {unknown}
 z - a potion of cure mutation {unknown}
 B - a potion of berserk rage {unknown}
 C - a potion of poison {unknown}
 H - a potion of restore abilities {unknown}
Books
 v - a book of Alchemy

   Spells                             Type                      Level
   Lethal Infusion                    Charms/Necromancy            2
   Sublimation of Blood               Necromancy                   2
   Condensation Shield                Ice                          4
   Alistair's Intoxication            Transmutation/Poison         4
   Petrify                            Transmutation/Earth          4
   Ignite Poison                      Fire/Transmutation           5


   Skills:
 + Level 5.8 Fighting
 + Level 5.7 Maces & Flails
 + Level 5.9 Throwing
 + Level 6.2 Dodging
 + Level 2.2 Stealth


You had 7 spell levels left.
You didn't know any spells.

Dungeon Overview and Level Annotations

Branches:
Dungeon (5/27)             Temple (1/1) D:5

Altars:
Ashenzari
Cheibriados
Kikubaaqudgha
Makhleb
Nemelex Xobeh
Okawaru
Vehumet
Xom
Yredelemnul
Zin


Innate Abilities, Weirdness & Mutations

You are too large for most types of armour.
You have a fast metabolism.
You can tolerate rotten meat.
You have tough skin (AC +1).


Message History

You miss it. It hits you but does no damage.
You hit it. It hits you! It hits you. It hits you!
No target in view!
No target in view!
You miss it. It hits you! It hits you.
You swing at nothing.
It hits you. It barely misses you.
You swing at nothing.
It hits you!
* * * LOW HITPOINT WARNING * * *
You swing at nothing.
It hits you.
* * * LOW HITPOINT WARNING * * *
Drink which item? (? for menu, Esc to quit)
You feel better. It hits you!
* * * LOW HITPOINT WARNING * * *
It hits you but does no damage.
You miss it. It hits you!
* * * LOW HITPOINT WARNING * * *
You swing at nothing.
It hits you but does no damage. It hits you!
You die...

#.#.#.#.#..#.#....#
#.#.#.#.#..#.#.##.#
###.#.#.#....#.##.#######
....#.#.#....#.#........#
....#.#......#.##.###.###
###.#.#.######.##.###.#
#.................#
###.####.#.##.##..#
#.#......#.#..@..#..#
#.#.#.#..#.#.##..#[.#
#.#.#.#..#.#.#...#..#
#.#.#.##.#.#.#####..#
#.#.#.##.#.#........#
#.#.#.##.#.########.####.#
#.#.#....#...............#
###.#.###############.######
......................#


There were no monsters in sight!

Vanquished Creatures
  The ghost of bamsha the Geomancer, an average GrEE (D:4)
  A phantom (D:5)
  3 ogres (D:4)
  A sky beast (D:3)
  Sigmund (D:2)
  A crimson imp (D:5)
  A centaur skeleton (D:4)
  A hound (D:3)
  An iguana (D:4)
  A scorpion (D:5)
  8 worker ants (D:4)
  An ogre zombie (D:4)
  7 adders
  A giant mite (D:4)
  A worm (D:4)
  An adder zombie (D:5)
  5 giant geckos
  An orc (D:4)
  9 bats
  4 giant cockroaches
  12 goblins
  10 hobgoblins
  9 kobolds
  2 quokkas
  8 giant newts
  A gnoll skeleton (D:4)
  19 jackals
  19 rats
130 creatures vanquished.

Notes
Turn   | Place    | Note
--------------------------------------------------------------
     0 | D:1      | Malachi, the Ogre Hunter, began the quest for the Orb.
     0 | D:1      | Reached XP level 1. HP: 20/20 MP: 0/0
   206 | D:1      | Reached XP level 2. HP: 22/28 MP: 1/1
   422 | D:1      | Reached skill level 5 in Throwing
   583 | D:1      | Reached XP level 3. HP: 34/36 MP: 2/2
  1091 | D:2      | Reached XP level 4. HP: 11/44 MP: 3/3
  1566 | D:2      | Noticed Sigmund
  1578 | D:2      | Killed Sigmund
  1578 | D:2      | Reached skill level 1 in Stealth
  1578 | D:2      | Reached XP level 5. HP: 40/52 MP: 4/4
  2031 | D:3      | Noticed a sky beast
  2035 | D:3      | Killed a sky beast
  2035 | D:3      | Reached XP level 6. HP: 46/59 MP: 5/5
  2669 | D:4      | Noticed bamsha's ghost (average GrEE)
  2672 | D:4      | Killed bamsha's ghost
  2672 | D:4      | Reached XP level 7. HP: 64/67 MP: 6/6
  2897 | D:4      | Reached skill level 5 in Dodging
  2979 | D:4      | Found a sparkling altar of Nemelex Xobeh.
  3146 | D:4      | Reached skill level 5 in Fighting
  3405 | D:4      | Reached XP level 8. HP: 51/78 MP: 7/7
  3522 | D:4      | Found an ancient bone altar of Kikubaaqudgha.
  3522 | D:4      | Found a basalt altar of Yredelemnul.
  3599 | D:4      | Reached skill level 5 in Maces & Flails
  4180 | D:5      | Entered Level 5 of the Dungeon
  4418 | D:5      | Found a staircase to the Ecumenical Temple.
  4513 | Temple   | Entered the Ecumenical Temple
  4520 | Temple   | Became a worshipper of Warmaster Okawaru
  4630 | D:5      | Reached skill level 6 in Dodging
  4980 | D:5      | Slain by an unseen horror

Action                   |  1- 3 |  4- 6 |  7- 9 || total
-------------------------+-------+-------+-------++-------
Melee: Club              |   139 |    57 |       ||   196
       Whip              |       |    75 |    32 ||   107
       Giant spiked club |       |       |   133 ||   133
Throw: Large rock        |    15 |    14 |     9 ||    38
       Throwing net      |       |     3 |     1 ||     4
  Use: Potion            |       |       |     4 ||     4
       Scroll            |       |       |     9 ||     9
 Stab: Sleeping          |     1 |     2 |     1 ||     4
